 Dungeon Crawl Stone Soup version 0.20.0-4-g10b340a (webtiles) character file.

105 McKennaii the Sneak (level 4, -1/30 HPs)
             Began as an Octopode Assassin on May 28, 2017.
             Slain by a goblin
             ... wielding a +0 club
             ... led by Robin
              (5 damage)
             ... on level 2 of the Dungeon.
             The game lasted 00:03:59 (1594 turns).

McKennaii the Sneak (Octopode Assassin)             Turns: 1594, Time: 00:04:00

Health: -1/30      AC:  1    Str: 10    XL:     4   Next: 83%
Magic:  4/4        EV: 12    Int: 13    God:
Gold:   127        SH:  3    Dex: 14    Spells: 3/3 levels left

rFire    . . .     SeeInvis .   a - +2 dagger
rCold    . . .     Gourm    .   n - +0 buckler
rNeg     . . .     Faith    .   (helmet restricted)
rPois    .         Spirit   .   (no amulet)
rElec    .         Reflect  .   (no ring)
rCorr    .         Harm     .   (no ring)
MR       .....                  (no ring)
Stlth    +++++.....             (no ring)
Regen    0.1/turn               (no ring)
MPRegen  0.1/turn               (no ring)
                                (no ring)
                                (no ring)

@: no status effects
A: almost no armour, stealthy swim, amphibious, 8 rings, constrict 8, camouflage
1, gelatinous body 1
a: no special abilities


You were on level 2 of the Dungeon.
You were not hungry.

You visited 1 branch of the dungeon, and saw 2 of its levels.

You collected 127 gold pieces.

Inventory:

Hand Weapons
 a - a +2 dagger (weapon)
 b - a +0 blowgun
Missiles
 c - 26 poisoned needles (quivered)
 d - 2 curare-tipped needles
Armour
 n - a +0 buckler (worn)
Scrolls
 e - 3 scrolls of remove curse {unknown}
 g - a scroll of noise {unknown}
 i - a scroll of magic mapping {unknown}
 j - a scroll of immolation {unknown}
 o - a scroll of fear {unknown}
Potions
 h - 3 potions of curing {unknown}
 k - 2 potions of resistance {unknown}
 l - a potion of degeneration {unknown}
 m - 2 potions of flight {unknown}
Comestibles
 f - a bread ration


   Skills:
 + Level 2.3 Fighting
 + Level 2.3 Short Blades
 + Level 2.6 Throwing
 + Level 1.4 Dodging
 + Level 7.2 Stealth


You had 3 spell levels left.
You didn't know any spells.

Dungeon Overview and Level Annotations

Branches:
Dungeon (2/15)

Altars:
Ashenzari

Annotations:
D:2 Robin


Innate Abilities, Weirdness & Mutations

You cannot wear most types of armour.
You are very stealthy in the water. (Stealth+)
You are amphibious.
You can wear up to eight rings at the same time.
You can use your tentacles to constrict eight enemies at once.
Your skin changes colour to match your surroundings (Stealth+).
Your rubbery body absorbs attacks. (AC +1, EV +1)


Message History

You see here a goblin corpse.
Robin throws the goblin at you! The goblin closely misses you.
You hit the goblin. You grab the goblin.
The goblin is heavily wounded.
You constrict the goblin. The goblin hits you with a club.
You completely miss the goblin.
The goblin is severely wounded.
You constrict the goblin.
You kill the goblin!
The hobgoblin hits you with a club. Robin throws the goblin at you!
You hit the goblin. Your grab misses the goblin.
The goblin is moderately wounded.
The goblin hits you with a club.
* * * LOW HITPOINT WARNING * * *
The hobgoblin hits you with a club.
* * * LOW HITPOINT WARNING * * *
You closely miss the goblin. Your grab misses the goblin.
The goblin is moderately wounded.
The goblin hits you with a club.
You die...

#.....# #.###♣♣♣♣...§###§
#.....#. #..........#.....
#.....# .####.####.##...§.
#.....# .....#.....+.....
#.....# #.#...)#.##.....
#.....#.###.....##.#......
###.#.#.........+..#......
####.#.#####.†...##########
#.....gggg@g...............
+......###################.
#......# #....# #.......
#......# #....####.####..
#..g...# #............#..
##?#+### ####.........#..
#. #.........#.. ..
#.........#.# ###
#.......<.#.#


You could see Robin, 2 hobgoblins and 2 goblins.

Vanquished Creatures
  2 gnolls (D:2)
  2 adders (D:2)
  An ooze (D:1)
  2 worms (D:2)
  A dart slug (D:2)
  3 leopard geckos
  A giant cockroach (D:1)
  7 goblins
  5 hobgoblins
  4 quokkas (D:2)
  5 bats
  4 frilled lizards
  7 kobolds
  10 rats
54 creatures vanquished.

Notes
Turn   | Place    | Note
-------+----------+-------------------------------------------
     0 | D:1      | McKennaii the Octopode Assassin began the quest for the Orb.
     0 | D:1      | Reached XP level 1. HP: 14/14 MP: 1/1
    50 | D:1      | Reached XP level 2. HP: 13/19 MP: 2/2
   340 | D:1      | Reached skill level 6 in Stealth
   446 | D:1      | Reached XP level 3. HP: 24/24 MP: 3/3
   875 | D:2      | Found a shattered altar of Ashenzari.
  1080 | D:2      | Reached XP level 4. HP: 22/30 MP: 4/4
  1438 | D:2      | Reached skill level 7 in Stealth
  1574 | D:2      | Noticed Robin
  1594 | D:2      | Slain by a goblin

Skill      XL: |  1  2  3  4 |
---------------+-------------+-----
Stealth        | 6 7 |  7.2
Fighting       | |  2.3
Short Blades   | |  2.3
Throwing       | |  2.6
Dodging        | |  1.4

Action                   |  1- 3 |  4- 6 || total
-------------------------+-------+-------++-------
Melee: Dagger            |    62 |    32 ||    94
       Tentacles         |     6 |     3 ||     9
       Constrict         |    12 |     8 ||    20
 Fire: Blowgun           |    13 |       ||    13
 Stab: Sleeping          |    18 |     1 ||    19
  Eat: Chunk             |       |     2 ||     2
Armor: Skin              |     2 |     1 ||     3
Dodge: Dodged            |    21 |    13 ||    34
Block: Buckler           |     2 |     9 ||    11
